 Dungeon Crawl Stone Soup version 0.21.0-3-g78d12a8 (webtiles) character file.

70 raph the Shield-Bearer (level 4, 0/31 HPs)
             Began as a Halfling Fighter on Jan 8, 2018.
             Killed by divine providence
             ... invoked by an orc priest
              (14 damage)
             ... on level 3 of the Dungeon.
             The game lasted 00:03:15 (1985 turns).

raph the Shield-Bearer (Halfling Fighter)           Turns: 1985, Time: 00:03:15

Health: 0/31       AC:  8    Str: 17    XL:     4   Next: 44%
Magic:  4/4        EV:  9    Int:  6    God:
Gold:   109        SH:  9    Dex: 14    Spells: 3/3 levels left

rFire    . . .     SeeInvis .   a - +0 long sword
rCold    . . .     Gourm    .   c - +0 shield
rNeg     . . .     Faith    .   l - +0 scale mail
rPois    .         Spirit   .   o - +0 helmet
rElec    .         Reflect  .   (no cloak)
rCorr    .         Harm     .   (no gloves)
MR       .....                  (no boots)
Stlth    ..........             (no amulet)
HPRegen  0.10/turn              (no ring)
MPRegen  0.09/turn              (no ring)

@: no status effects
A: small, mutation resistance 1
a: no special abilities


You were on level 3 of the Dungeon.
You were not hungry.

You visited 1 branch of the dungeon, and saw 3 of its levels.

You collected 109 gold pieces.

Inventory:

Hand Weapons
 a - a +0 long sword (weapon)
 b - a +0 hunting sling
Missiles
 k - 19 stones (quivered)
 v - 12 sling bullets
Armour
 c - a +0 shield (worn)
 l - a +0 scale mail (worn)
 o - a +0 helmet (worn)
Scrolls
 g - a scroll of blinking {unknown}
 j - 2 scrolls of identify {unknown}
 m - a scroll of noise {unknown}
 p - a scroll of immolation {unknown}
 q - a scroll of magic mapping {unknown}
 r - a scroll of teleportation {unknown}
 u - 2 scrolls of remove curse {unknown}
 w - a scroll of enchant weapon {unknown}
Potions
 d - a potion of might
 e - 2 potions of degeneration {unknown}
 h - a potion of mutation {unknown}
 i - a potion of flight {unknown}
 n - a potion of haste {unknown}
 t - 2 potions of curing {unknown}
Comestibles
 f - 6 rations


   Skills:
 + Level 3.1 Fighting
 * Level 3.1 Long Blades
 + Level 1.2 Slings
 + Level 3.7 Armour
 + Level 3.7 Shields


You had 3 spell levels left.
You didn't know any spells.

Dungeon Overview and Level Annotations

Branches:
Dungeon (3/15)

Altars:


Innate Abilities, Weirdness & Mutations

You are small and have problems with some larger weapons.
You are somewhat resistant to further mutation.


Message History

There is a stone staircase leading up here.
b - a +0 hunting sling (weapon)
Firing (i - inventory. (,) - cycle):
v - 14 sling bullets (quivered)
Press: ? - help, Shift-Dir - straight line, f - orc
Aim: an orc, wielding a club You shoot a sling bullet.
The sling bullet hits the orc.
The orc is moderately wounded.
Firing (i - inventory. (,) - cycle):
v - 13 sling bullets (quivered)
Press: ? - help, Shift-Dir - straight line, f/p - orc
Aim: an orc, wielding a club (moderately wounded)
You shoot a sling bullet. The sling bullet barely misses the orc.
The sling bullet hits the quokka.
The quokka is almost dead.
The orc priest mumbles some strange prayers to Beogh against you.
Beogh smites you!
a - a +0 long sword (weapon)
The orc hits you with a club.
The orc priest calls down the wrath of Beogh upon you.
Beogh smites you!
You die...

#########
#@o......
#or......
#...((...
.........
...o.....
..........
..........
....#......


You could see an orc priest, 2 orcs and a quokka.

Vanquished Creatures
  2 adders (D:2)
  A worm (D:2)
  2 leopard geckos
  4 giant cockroaches
  8 hobgoblins
  2 jackals (D:1)
  6 kobolds
  4 bats
  3 frilled lizards (D:1)
  5 goblins
  9 rats
46 creatures vanquished.

Notes
Turn   | Place    | Note
-------+----------+-------------------------------------------
     0 | D:1      | raph the Halfling Fighter began the quest for the Orb.
     0 | D:1      | Reached XP level 1. HP: 15/15 MP: 1/1
   105 | D:1      | Reached XP level 2. HP: 20/20 MP: 2/2
   611 | D:1      | Reached XP level 3. HP: 24/25 MP: 3/3
  1399 | D:2      | Reached XP level 4. HP: 31/31 MP: 4/4
  1687 | D:2      | Reached skill level 1 in Slings
  1985 | D:3      | Killed from afar by an orc priest

Skill      XL: |  1  2  3  4 |
---------------+-------------+-----
Fighting       | 3 |  3.1
Long Blades    | 3 |  3.1
Slings         | 1 |  1.2
Armour         | |  3.7
Shields        | |  3.7

Action                   |  1- 3 |  4- 6 || total
-------------------------+-------+-------++-------
Melee: Long sword        |   112 |    34 ||   146
 Fire: Hunting sling     |       |     3 ||     3
  Eat: Chunk             |     2 |     2 ||     4
Armor: Scale mail        |    29 |    10 ||    39
Dodge: Dodged            |    43 |    23 ||    66
Block: Shield            |    53 |    17 ||    70
       Rpst.: Long sword |    18 |     9 ||    27
